 Dungeon Crawl Stone Soup version 0.27-a0-1456-gf5a116941d (webtiles) character file.

Game seed: 14584005511041902802

16 blackman the Skirmisher (level 2, -4/24 HPs)
             Began as a Human Wanderer on July 5, 2021.
             Was a Believer of Cheibriados.
             Slain by Terence (7 damage)
             ... on level 2 of the Dungeon.
             The game lasted 00:03:40 (697 turns).

blackman the Skirmisher (Human Wanderer)             Turns: 697, Time: 00:03:40

Health: -4/24      AC:  3    Str: 16    XL:     2   Next: 75%
Magic:  2/2        EV: 11    Int: 17    God:    Cheibriados [**....]
Gold:   59         SH:  0    Dex: 15    Spells: 1/1 levels left

rFire    . . .     SeeInvis .   i - +0 short sword
rCold    . . .     Faith    .   (no shield)
rNeg     . . .     Spirit   .   c - +0 leather armour
rPois    .         Reflect  .   (no helmet)
rElec    .         Harm     .   (no cloak)
rCorr    .         Rampage  .   (no gloves)
Will     .....                  (no boots)
Stlth    ++........             (no amulet)
HPRegen  0.08/turn              (no ring)
MPRegen  0.08/turn              (no ring)

@: very slow
A: no striking features
a: Renounce Religion, Bend Time


You were on level 2 of the Dungeon.
You worshipped Cheibriados.
Cheibriados was pleased with you.
You visited 1 branch of the dungeon, and saw 2 of its levels.

You collected 59 gold pieces.

Inventory:

Hand Weapons
 a - a +2 spear
 i - a +0 short sword (weapon)
Missiles
 g - 2 throwing nets (quivered)
Armour
 b - a +0 robe
 c - a +0 leather armour (worn)
Scrolls
 e - 3 scrolls of magic mapping {unknown}
 f - a scroll of teleportation {unknown}
 j - a scroll of identify {unknown}
 k - a scroll of brand weapon {unknown}
Potions
 d - 2 potions of brilliance {unknown}
 h - a potion of curing {unknown}


   Skills:
 + Level 3.1 Fighting
 * Level 0.2 Short Blades
 - Level 0.3(1.3) Axes
 - Level 2.0(2.1) Polearms
 - Level 1.0 Crossbows
 + Level 1.4 Armour
 + Level 1.3 Stealth
 - Level 1.0 Shields
 + Level 1.3 Evocations


You had one spell level left.
You didn't know any spells.
Your spell library contained the following spells:

 Spells                   Type           Power      Damage    Failure   Level
 Foxfire                  Conj/Fire      0%         2x1d4     28%         1
 Freeze                   Ice            0%         1d3       28%         1
 Slow                     Hex            0%         N/A       41%         2
 Confusing Touch          Hex            0%         N/A       65%         3
 Frozen Ramparts          Ice            0%         1d2       65%         3
 Ignite Poison            Fire/Tmut/Pois 0%         N/A       65%         3
 Vampiric Draining        Necr           0%         2d6       65%         3


Dungeon Overview and Level Annotations

Branches:
Dungeon (2/15)

Altars:
Cheibriados

Annotations:
D:2 Terence


Message History

You kill the bat!
Cheibriados thoroughly appreciates the change of pace.
Cheibriados raises the support of your attributes as your movement slows.
The rat bites you.
You barely miss the rat. The rat bites you but does no damage.
The rat barely misses you. The rat bites you.
You closely miss the rat. The rat bites you. The rat closely misses you.
You hit the rat.
You kill the rat!
Cheibriados appreciates the change of pace.
The rat barely misses you.
You hit the rat.
You kill the rat!
Cheibriados appreciates the change of pace.
No target in view!
No target in view!
HP restored.
Things that are here:
a rat corpse; a bat corpse As you open the door, it creaks loudly!
There is an open door here.
You open the door.
There is an open door here.
Terence the Incautious comes into view.
He is wielding a +0 mace.
Okay, then.
Press: ? - help, . - travel You can't see that place.
Terence hits you with a +0 mace!
You hit Terence.
Terence is moderately wounded.
Terence hits you with a +0 mace!
* * * LOW HITPOINT WARNING * * *
You hit Terence but do no damage.
Terence is moderately wounded.
Terence hits you with a +0 mace.
* * * LOW HITPOINT WARNING * * *
You barely miss Terence.
Terence is moderately wounded.
Terence hits you with a +0 mace!
You die...

#.#.#.##....
#.#.#.##....
#.#.#.##....
#.#.#.##....
###.#'#.######
#.......# #.......#
#.#.#######.......#
#.....@@..........#
##..###############


You could see Terence.

Vanquished Creatures
  3 bats
  2 giant cockroaches (D:1)
  A goblin (D:1)
  A hobgoblin (D:1)
  2 ball pythons (D:1)
  A frilled lizard (D:1)
  4 kobolds (D:1)
  3 rats
17 creatures vanquished.

Notes
Turn   | Place    | Note
-------+----------+-------------------------------------------
     0 | D:1      | blackman the Human Wanderer began the quest for the Orb.
     0 | D:1      | blackman set off with the following items: a +2 spear, a +0
                  | robe; and the following spells available to memorise:
                  | Foxfire, Freeze, Frozen Ramparts, Ignite Poison
     0 | D:1      | Reached XP level 1. HP: 18/18 MP: 1/1
   103 | D:1      | Found a faded altar of an unknown god.
   133 | D:1      | Became a worshipper of Cheibriados the Contemplative
   133 | D:1      | Reached * piety under Cheibriados
   159 | D:1      | Reached XP level 2. HP: 24/24 MP: 2/2
   573 | D:2      | Reached ** piety under Cheibriados
   691 | D:2      | Noticed Terence
   697 | D:2      | Slain by Terence

Illustrated notes

Levels and vault maps discovered:
D:1:      minmay_arrival_three_doors, layout_rooms,
          shapermc_ecumenical_altar_starsandcircs
D:2:      layout_basic, chequers_jeans, uniq_robin, uniq_terence

Action                   || total
-------------------------++-------
Melee: Spear             ||    22
       Short sword       ||    19
 Stab: Sleeping          ||     2
Armor: Robe              ||     2
       Leather armour    ||     7
Dodge: Dodged            ||    19

Table legend: (Time is in decaauts)
 A = Elapsed time spent in this place.
 B = Non-inter-level travel time spent in this place.
 C = Inter-level travel time spent in this place.
 D = Time resting spent in this place.
 E = Time spent auto-exploring this place.
 F = Levels seen in this place.
 G = Mean time per level.
                   A        B        C        D        E       F      G
               +--------+--------+--------+--------+--------+-----+--------+
         Total |    844 |    724 |    120 |      0 |    595 |   2 |  422.0 |
       Dungeon |    844 |    724 |    120 |      0 |    595 |   2 |  422.0 |
               +--------+--------+--------+--------+--------+-----+--------+

Top non-repeatable levels by time:
     D:1: 696 daAuts
     D:2: 147 daAuts
